[Event "12th Chennai Open 2020"]
[Site "Chennai"]
[Date "2020.01.19"]
[Round "1.3"]
[White "Pantsulaia, Levan"]
[Black "Sahib Singh"]
[Result "1-0"]
[ECO "A13"]
[WhiteElo "2598"]
[BlackElo "1699"]
[Annotator "RC"]
[PlyCount "81"]
[EventDate "2020.01.19"]
[EventType "swiss"]
[EventCountry "IND"]
[SourceTitle "playchess.com"]
[Source "ChessBase"]
[SourceQuality "1"]
[TimeControl "5400+30"]

1. c4 e6 2. g3 Nf6 3. Bg2 d5 4. Nf3 dxc4 5. O-O Nc6 6. Qa4 Bd7 7. Qxc4 Bd6 8. d4 Rb8 9. Nc3 O-O 10. Rd1 b5 11. Qd3 b4 12. Ne4 Nxe4 13. Qxe4 Ne7 14. Qc2 a5 15. e4 c6 16. e5 Bc7 17. Ng5 Ng6 18. Be4 h6 19. Nxf7 Rxf7 20. Bxg6 Rf8 21. Be3 Be8 22. Rac1 Rc8 23. Bxe8 Rxe8 24. Qxc6 Bb6 25. Qb5 Rxc1 26. Rxc1 Re7 27. Rc6 Bc7 28. Qc4 Qd7 29. Ra6 Kh7 30. Qc2+ g6 31. h4 h5 32. Bg5 Re8 33. Ra7 Rc8 34. Bf6 a4 35. b3 axb3 36. axb3 Qf7 37. Kh2 Kh6 38. Qc6 Kh7 39. Kg1 Kh6 40. Kg2 Kh7 41. Bd8 1-0

[Event "12th Chennai Open 2020"]
[Site "Chennai"]
[Date "2020.01.19"]
[Round "1.5"]
[White "Goganov, Aleksey"]
[Black "Abhinav, Chakrapani Santhalay"]
[Result "1-0"]
[ECO "E04"]
[WhiteElo "2583"]
[BlackElo "1688"]
[Annotator "RC"]
[PlyCount "77"]
[EventDate "2020.01.19"]
[EventType "swiss"]
[EventCountry "IND"]
[SourceTitle "playchess.com"]
[Source "ChessBase"]
[SourceQuality "1"]
[TimeControl "5400+30"]

1. d4 d5 2. c4 e6 3. Nf3 Nf6 4. g3 dxc4 5. Bg2 a6 6. O-O Nc6 7. e3 Bd7 8. Qe2 b5 9. b3 cxb3 10. axb3 Bd6 11. Bb2 O-O 12. e4 Be7 13. Nc3 Nb4 14. Rfd1 c6 15. Ne5 Qc7 16. Rac1 Rfd8 17. h4 Be8 18. Ng4 Qb6 19. Nxf6+ Bxf6 20. e5 Be7 21. Ne4 a5 22. Qg4 Nd5 23. Nc5 Bxc5 24. dxc5 Qb7 25. h5 h6 26. Ra1 a4 27. b4 Ne7 28. Rd6 Nf5 29. Ra3 Qc7 30. Be4 Ne7 31. Bc1 Kh8 32. Bb1 Bd7 33. Qe4 g6 34. Bxh6 Nf5 35. Bg5 Re8 36. Bf6+ Kh7 37. g4 Ne7 38. hxg6+ fxg6 39. Qh1+ 1-0

[Event "12th Chennai Open 2020"]
[Site "Chennai"]
[Date "2020.01.19"]
[Round "2.9"]
[White "Sri Sai Baswanth P"]
[Black "David, Alberto"]
[Result "1/2-1/2"]
[ECO "A21"]
[WhiteElo "2008"]
[BlackElo "2562"]
[Annotator "ChessBase"]
[PlyCount "164"]
[EventDate "2020.01.19"]
[EventType "swiss"]
[EventCountry "IND"]
[SourceTitle "playchess.com"]
[Source "ChessBase"]
[SourceQuality "1"]
[TimeControl "5400+30"]

1. c4 e5 2. g3 c6 3. Nf3 d6 4. Nc3 Nd7 5. Bg2 Ngf6 6. e4 a6 7. O-O b5 8. d4 Bb7 9. Qe2 Be7 10. Rd1 Qb8 11. c5 O-O 12. cxd6 Bxd6 13. dxe5 Nxe5 14. Nxe5 Bxe5 15. f4 Bxc3 16. bxc3 Re8 17. Qd3 Ng4 18. Ba3 c5 19. h3 c4 20. Qd4 Nh6 21. Bd6 Qc8 22. g4 f6 23. e5 Bxg2 24. Kxg2 Nf7 25. Qd5 fxe5 26. fxe5 Qe6 27. a4 Rad8 28. axb5 axb5 29. Ra6 h5 30. Qxe6 Rxe6 31. Rd5 hxg4 32. hxg4 Nxe5 33. Rxe5 Rexd6 34. Rxd6 Rxd6 35. Rxb5 Rd3 36. Rc5 Rxc3 37. Rc7 Kh7 38. Rc6 g5 39. Rc5 Kg6 40. Kf2 Rc1 41. Ke3 c3 42. Rc6+ Kf7 43. Kd3 Rg1 44. Rxc3 Rxg4 45. Rc6 Rf4 46. Ke3 Rf1 47. Ke2 Rf5 48. Ke3 Kg7 49. Ra6 Kh7 50. Rb6 Rf7 51. Ra6 Rf5 52. Rb6 Kg8 53. Rb7 Kf8 54. Ke4 Rf4+ 55. Ke3 Rf1 56. Ke2 Rf7 57. Rxf7+ Kxf7 58. Kf3 Ke6 59. Kg4 Kf6 60. Kg3 Kg7 61. Kg4 Kh6 62. Kg3 Kh5 63. Kh3 Kg6 64. Kg4 Kf6 65. Kg3 Kf5 66. Kf3 g4+ 67. Kg3 Kg5 68. Kg2 Kg6 69. Kg3 Kf5 70. Kg2 Kf4 71. Kf2 g3+ 72. Kg2 Kg4 73. Kg1 Kh3 74. Kh1 Kh4 75. Kg2 Kg4 76. Kg1 Kg5 77. Kg2 Kf4 78. Kg1 Ke5 79. Kg2 Kf4 80. Kg1 Kf3 81. Kf1 g2+ 82. Kg1 Kg3 1/2-1/2

[Event "12th Chennai Open 2020"]
[Site "Chennai"]
[Date "2020.01.19"]
[Round "2.18"]
[White "Vignesh N"]
[Black "Vignesh N R"]
[Result "0-1"]
[ECO "B80"]
[WhiteElo "1934"]
[BlackElo "2472"]
[Annotator "ChessBase"]
[PlyCount "86"]
[EventDate "2020.01.19"]
[EventType "swiss"]
[EventCountry "IND"]
[SourceTitle "playchess.com"]
[Source "ChessBase"]
[SourceQuality "1"]
[TimeControl "5400+30"]

1. e4 c5 2. Nf3 d6 3. d4 cxd4 4. Nxd4 Nf6 5. Nc3 a6 6. g3 e6 7. Bg2 Be7 8. O-O Qc7 9. h3 O-O 10. g4 Nc6 11. Kh1 Nd7 12. f4 Nxd4 13. Qxd4 b6 14. g5 Re8 15. f5 Bb7 16. f6 Bf8 17. Be3 Rac8 18. Rad1 g6 19. h4 Qc4 20. Qd2 b5 21. Qf2 Qc6 22. h5 Ne5 23. Bd4 gxh5 24. Bxe5 dxe5 25. Rd3 b4 26. Qh4 bxc3 27. Qxh5 Qxe4 28. Bxe4 Bxe4+ 29. Kh2 Bxd3 30. cxd3 cxb2 31. g6 hxg6 32. Rg1 Rc7 33. Qxe5 Rc2+ 34. Kh3 Rc1 35. Rxg6+ fxg6 36. Qxb2 Rc7 37. Kg4 Rd7 38. Qh2 Red8 39. Kg5 Rh7 40. f7+ Rxf7 41. Kxg6 Rd5 42. a4 Rdf5 43. Qh4 Rg7+ 0-1

[Event "12th Chennai Open 2020"]
[Site "Chennai"]
[Date "2020.01.19"]
[Round "3.1"]
[White "Ponkratov, Pavel"]
[Black "Pranesh M"]
[Result "1-0"]
[ECO "C67"]
[WhiteElo "2622"]
[BlackElo "2317"]
[Annotator "ChessBase"]
[PlyCount "97"]
[EventDate "2020.01.19"]
[EventType "swiss"]
[EventCountry "IND"]
[SourceTitle "playchess.com"]
[Source "ChessBase"]
[SourceQuality "1"]
[TimeControl "5400+30"]

1. e4 e5 2. Nf3 Nc6 3. Bb5 Nf6 4. O-O Nxe4 5. d4 Nd6 6. dxe5 Nxb5 7. a4 Nbd4 8. Nxd4 Nxd4 9. Qxd4 d5 10. c4 dxc4 11. Qxc4 Be6 12. Qb5+ Qd7 13. Nc3 c6 14. Qe2 Qd4 15. a5 Qg4 16. Qe3 Be7 17. f4 Qg6 18. Qf2 Bf5 19. Be3 O-O 20. Bxa7 f6 21. Bc5 Rae8 22. Bxe7 Rxe7 23. Qc5 Rfe8 24. Rae1 h5 25. Rf3 Rd7 26. Rg3 Qh6 27. Qc4+ Be6 28. Qf1 f5 29. Rg5 h4 30. h3 Red8 31. Qf2 Rd2 32. Re2 R2d4 33. Qe3 Kf7 34. Kh2 R8d7 35. Rc2 Rd3 36. Qf2 R3d4 37. Ne2 Ra4 38. b4 Rxb4 39. a6 bxa6 40. Rxc6 Rb2 41. Qe3 Rdd2 42. Qa7+ Rd7 43. Qxa6 Rdd2 44. Qa7+ Rd7 45. Rc7 Rbd2 46. Rxd7+ Rxd7 47. Qb6 g6 48. Nd4 Re7 49. Nc6 1-0

[Event "12th Chennai Open 2020"]
[Site "Chennai"]
[Date "2020.01.19"]
[Round "3.2"]
[White "Saravanan, V.."]
[Black "Martinez Alcantara, Jose Eduardo"]
[Result "0-1"]
[ECO "A31"]
[WhiteElo "2325"]
[BlackElo "2606"]
[Annotator "ChessBase"]
[PlyCount "48"]
[EventDate "2020.01.19"]
[EventType "swiss"]
[EventCountry "IND"]
[SourceTitle "playchess.com"]
[Source "ChessBase"]
[SourceQuality "1"]
[TimeControl "5400+30"]

1. Nf3 c5 2. c4 Nc6 3. d4 cxd4 4. Nxd4 Nf6 5. g3 Qb6 6. Nc2 h5 7. Bg2 h4 8. O-O hxg3 9. hxg3 Qc5 10. e4 d6 11. Be3 Qxc4 12. Nc3 Bh3 13. Bxh3 Rxh3 14. Na3 Qe6 15. Nab5 Rc8 16. Qa4 Rh5 17. Kg2 a6 18. Na7 Ra5 19. Qb3 Qxb3 20. axb3 Rxa1 21. Rxa1 Nxa7 22. Bxa7 e6 23. Bd4 Nd7 24. b4 Rc4 0-1

[Event "12th Chennai Open 2020"]
[Site "Chennai"]
[Date "2020.01.19"]
[Round "3.3"]
[White "Saravana, Krishnan P."]
[Black "Aleksandrov, Aleksej"]
[Result "1-0"]
[ECO "C95"]
[WhiteElo "2313"]
[BlackElo "2592"]
[Annotator "ChessBase"]
[PlyCount "103"]
[EventDate "2020.01.19"]
[EventType "swiss"]
[EventCountry "IND"]
[SourceTitle "playchess.com"]
[Source "ChessBase"]
[SourceQuality "1"]
[TimeControl "5400+30"]

1. e4 e5 2. Nf3 Nc6 3. Bb5 a6 4. Ba4 Nf6 5. O-O Be7 6. Re1 b5 7. Bb3 d6 8. c3 O-O 9. h3 Nb8 10. d4 Nbd7 11. c4 c6 12. Qc2 Nh5 13. a3 Bb7 14. Nc3 Rc8 15. Be3 g6 16. Bh6 Ng7 17. Rad1 Qc7 18. Qd2 Nb6 19. cxb5 axb5 20. Bg5 Nc4 21. Qe2 Bxg5 22. Nxg5 exd4 23. Rxd4 Qe7 24. Bxc4 Qxg5 25. Ba2 Rfd8 26. Red1 Ne8 27. R4d3 Kg7 28. b4 f6 29. Qb2 Qe5 30. Qb3 Qe7 31. h4 Nc7 32. h5 c5 33. Qb2 c4 34. Re3 Qe5 35. hxg6 hxg6 36. Qd2 Ne6 37. Rg3 Rd7 38. Bb1 Rh8 39. Nd5 Rh4 40. Ne3 c3 41. Nf5+ Kh7 42. Qe3 gxf5 43. exf5 Qxe3 44. fxe6+ Kh6 45. Rxe3 Rg7 46. f3 Rc4 47. e7 Bc6 48. Bc2 Be8 49. Rxd6 Rc7 50. Rxf6+ Kg5 51. Rf8 Rc8 52. Re5+ 1-0

[Event "12th Chennai Open 2020"]
[Site "Chennai"]
[Date "2020.01.19"]
[Round "3.4"]
[White "Goganov, Aleksey"]
[Black "Srihari L R"]
[Result "1/2-1/2"]
[ECO "A35"]
[WhiteElo "2583"]
[BlackElo "2302"]
[Annotator "ChessBase"]
[PlyCount "72"]
[EventDate "2020.01.19"]
[EventType "swiss"]
[EventCountry "IND"]
[SourceTitle "playchess.com"]
[Source "ChessBase"]
[SourceQuality "1"]
[TimeControl "5400+30"]

1. d4 d6 2. Nf3 g6 3. c4 Bg7 4. Nc3 Bg4 5. e3 c5 6. Be2 cxd4 7. exd4 Nc6 8. O-O Nh6 9. d5 Bxf3 10. Bxf3 Ne5 11. Be2 O-O 12. f4 Qb6+ 13. Kh1 Nd7 14. g4 f5 15. g5 Nf7 16. a4 Nc5 17. a5 Qc7 18. Ra3 Bxc3 19. Rxc3 Qxa5 20. Rh3 Ne4 21. Bd3 b5 22. Bxe4 fxe4 23. Qg4 Qc7 24. b3 Qc8 25. f5 Ne5 26. Qh4 h5 27. gxh6 Rxf5 28. Rg1 Kh7 29. Bb2 Qf8 30. Qxe4 Rf4 31. Qb1 Qf5 32. Qxf5 Rxf5 33. c5 dxc5 34. Re3 Nf7 35. Rxe7 Rd8 36. Rxa7 Rdxd5 1/2-1/2

[Event "12th Chennai Open 2020"]
[Site "Chennai"]
[Date "2020.01.19"]
[Round "3.7"]
[White "Kunal, M.."]
[Black "Bogdanovich, Stanislav"]
[Result "0-1"]
[ECO "C41"]
[WhiteElo "2288"]
[BlackElo "2562"]
[Annotator "ChessBase"]
[PlyCount "102"]
[EventDate "2020.01.19"]
[EventType "swiss"]
[EventCountry "IND"]
[SourceTitle "playchess.com"]
[Source "ChessBase"]
[SourceQuality "1"]
[TimeControl "5400+30"]

1. e4 d6 2. d4 Nf6 3. Nc3 Nbd7 4. Nf3 e5 5. Bc4 Be7 6. O-O O-O 7. Re1 c6 8. a4 a5 9. h3 Nb6 10. Ba2 Nfd7 11. Be3 exd4 12. Bxd4 Qc7 13. Qe2 Ne5 14. Nh2 Ng6 15. Ng4 Be6 16. Bb3 Bxb3 17. cxb3 f5 18. exf5 Rxf5 19. Qe6+ Rf7 20. g3 Nd7 21. f4 d5 22. Rad1 Bd6 23. Rf1 Ndf8 24. Qe2 Qd7 25. Qd3 h5 26. f5 Ne7 27. Ne3 c5 28. Bxg7 Rxg7 29. Nexd5 Be5 30. f6 Bd4+ 31. Kh2 Nxd5 32. fxg7 Kxg7 33. Nxd5 Qxd5 34. Rf5 Qe6 35. Rdf1 Re8 36. Kh1 Ng6 37. Rf7+ Kh6 38. Qd2+ Qe3 39. Qg2 Qxb3 40. g4 Nh4 41. Rxb7 Nxg2 42. Rxb3 Ne3 43. Rf7 hxg4 44. hxg4 Kg5 45. Rb5 Rh8+ 46. Kg1 Nc4+ 47. Kg2 Nd6 48. Rxa5 Nxf7 49. b4 Ne5 50. bxc5 Kxg4 51. Ra6 Rf8 0-1

[Event "12th Chennai Open 2020"]
[Site "Chennai"]
[Date "2020.01.19"]
[Round "3.8"]
[White "Pranav Vijay"]
[Black "Fedorov, Alexei"]
[Result "1-0"]
[ECO "B30"]
[WhiteElo "2265"]
[BlackElo "2562"]
[Annotator "ChessBase"]
[PlyCount "59"]
[EventDate "2020.01.19"]
[EventType "swiss"]
[EventCountry "IND"]
[SourceTitle "playchess.com"]
[Source "ChessBase"]
[SourceQuality "1"]
[TimeControl "5400+30"]

1. e4 c5 2. Nf3 Nc6 3. Bb5 e6 4. Bxc6 bxc6 5. O-O Ne7 6. e5 Ng6 7. d3 f6 8. exf6 gxf6 9. Re1 d5 10. c4 Be7 11. h4 Rg8 12. h5 Nh8 13. d4 Qd7 14. Qc2 Bb7 15. Qxh7 O-O-O 16. cxd5 cxd5 17. Bf4 Rg4 18. Bg3 Rdg8 19. Nbd2 R4g7 20. Qc2 Nf7 21. dxc5 e5 22. b4 Nh6 23. Rac1 Bc6 24. b5 Bxb5 25. c6 Qd6 26. Qb3 Ba6 27. Red1 Rg4 28. Qe3 Nf5 29. Qxa7 Qa3 30. Qd7+ 1-0

[Event "12th Chennai Open 2020"]
[Site "Chennai"]
[Date "2020.01.19"]
[Round "3.9"]
[White "Visakh N R"]
[Black "Meenakshi Subbaraman"]
[Result "1-0"]
[ECO "A42"]
[WhiteElo "2518"]
[BlackElo "2197"]
[Annotator "ChessBase"]
[PlyCount "79"]
[EventDate "2020.01.19"]
[EventType "swiss"]
[EventCountry "IND"]
[SourceTitle "playchess.com"]
[Source "ChessBase"]
[SourceQuality "1"]
[TimeControl "5400+30"]

1. c4 g6 2. Nc3 Bg7 3. d4 d6 4. e4 e5 5. Nf3 Nc6 6. Bg5 f6 7. Be3 Nh6 8. h3 O-O 9. Qd2 Nf7 10. Be2 f5 11. exf5 gxf5 12. g3 Kh8 13. O-O-O a6 14. h4 b5 15. h5 exd4 16. Nxd4 Nxd4 17. Bxd4 Bb7 18. Bxg7+ Kxg7 19. h6+ Kg8 20. Qd4 Ne5 21. Rh5 Qf6 22. cxb5 axb5 23. f4 Ng4 24. Bxb5 Qxd4 25. Rxd4 Kh8 26. Bd3 Bc8 27. Be2 Be6 28. Bxg4 fxg4 29. a3 Rae8 30. Re4 Bd7 31. Rxe8 Rxe8 32. Kd2 Re6 33. b4 Be8 34. Ra5 Kg8 35. Nd5 Rxh6 36. Nxc7 Bd7 37. Nd5 Kf7 38. Ra7 Ke6 39. Ne3 Bc6 40. f5+ 1-0

[Event "12th Chennai Open 2020"]
[Site "Chennai"]
[Date "2020.01.19"]
[Round "3.12"]
[White "Karthik Venkataraman"]
[Black "Zia, Tahsin Tajwar"]
[Result "1-0"]
[ECO "A04"]
[WhiteElo "2479"]
[BlackElo "2177"]
[Annotator "ChessBase"]
[PlyCount "67"]
[EventDate "2020.01.19"]
[EventType "swiss"]
[EventCountry "IND"]
[SourceTitle "playchess.com"]
[Source "ChessBase"]
[SourceQuality "1"]
[TimeControl "5400+30"]

1. d3 c5 2. Nf3 Nc6 3. g3 g6 4. Bg2 Bg7 5. O-O e6 6. c3 Nge7 7. e4 O-O 8. Na3 a6 9. Be3 d6 10. Qd2 Rb8 11. Nc2 b5 12. Bh6 b4 13. Bxg7 Kxg7 14. Ne3 e5 15. d4 f6 16. Rfd1 bxc3 17. bxc3 cxd4 18. cxd4 Qa5 19. Rac1 Qxd2 20. Rxd2 Nd8 21. Bf1 Nf7 22. Rc7 Re8 23. Bc4 Bh3 24. Bb3 a5 25. Ba4 Rbc8 26. Rdc2 f5 27. Bxe8 Rxe8 28. dxe5 fxe4 29. exd6 exf3 30. dxe7 Rb8 31. Rc1 Kf6 32. Nd5+ Ke5 33. Nf4 Bf5 34. Re1+ 1-0

[Event "12th Chennai Open 2020"]
[Site "Chennai"]
[Date "2020.01.19"]
[Round "3.13"]
[White "Ram, S. Krishnan"]
[Black "Vishnu Prasanna. V"]
[Result "0-1"]
[ECO "D91"]
[WhiteElo "2179"]
[BlackElo "2474"]
[Annotator "ChessBase"]
[PlyCount "48"]
[EventDate "2020.01.19"]
[EventType "swiss"]
[EventCountry "IND"]
[SourceTitle "playchess.com"]
[Source "ChessBase"]
[SourceQuality "1"]
[TimeControl "5400+30"]

1. d4 Nf6 2. c4 g6 3. Nc3 d5 4. Nf3 Bg7 5. Bg5 dxc4 6. e4 Bg4 7. Bxc4 Bxf3 8. gxf3 Nbd7 9. e5 Nh5 10. Nd5 Nb6 11. Bxe7 Qd7 12. Nxb6 axb6 13. Bg5 O-O 14. Qd2 c5 15. dxc5 Qf5 16. cxb6 Bxe5 17. h4 Rfe8 18. Kf1 Qxf3 19. Bd5 Qf5 20. Bxb7 Ng3+ 21. Kg2 Nxh1 22. Bxa8 Qg4+ 23. Kxh1 Qh3+ 24. Kg1 Bh2+ 0-1

[Event "12th Chennai Open 2020"]
[Site "Chennai"]
[Date "2020.01.19"]
[Round "3.14"]
[White "Vignesh N R"]
[Black "Deshmukh, Anup"]
[Result "0-1"]
[ECO "D30"]
[WhiteElo "2472"]
[BlackElo "2163"]
[Annotator "ChessBase"]
[PlyCount "84"]
[EventDate "2020.01.19"]
[EventType "swiss"]
[EventCountry "IND"]
[SourceTitle "playchess.com"]
[Source "ChessBase"]
[SourceQuality "1"]
[TimeControl "5400+30"]

1. d4 d5 2. c4 c6 3. Nf3 Nf6 4. e3 e6 5. b3 Nbd7 6. Bd3 Ne4 7. O-O f5 8. Ne5 Nxe5 9. dxe5 Qc7 10. Bb2 Be7 11. f3 Nc5 12. Be2 O-O 13. Nd2 a5 14. Qc2 Bd7 15. f4 b5 16. cxb5 cxb5 17. Rfc1 Qb7 18. Qd1 Rfc8 19. Nf3 b4 20. Bd4 Ne4 21. Bd3 Bb5 22. Qe2 Bxd3 23. Qxd3 h6 24. h3 a4 25. Nd2 Nxd2 26. Qxd2 Qb5 27. Qd1 a3 28. Rc2 Qb7 29. Rac1 g6 30. g4 Kh7 31. gxf5 gxf5 32. Qh5 Rg8+ 33. Kh2 Rg7 34. Qe2 Rag8 35. Rc7 Qb8 36. R1c6 Qb5 37. Rc2 Qe8 38. Rc1 Rg3 39. Bc5 Qg6 40. Rxe7+ Kh8 41. Qf1 Rg2+ 42. Kh1 Qg3 0-1

[Event "12th Chennai Open 2020"]
[Site "Chennai"]
[Date "2020.01.19"]
[Round "3.15"]
[White "Masango, Spencer"]
[Black "Taher, Yoseph Theolifus"]
[Result "0-1"]
[ECO "B27"]
[WhiteElo "2173"]
[BlackElo "2462"]
[Annotator "ChessBase"]
[PlyCount "88"]
[EventDate "2020.01.19"]
[EventType "swiss"]
[EventCountry "IND"]
[SourceTitle "playchess.com"]
[Source "ChessBase"]
[SourceQuality "1"]
[TimeControl "5400+30"]

1. Nf3 g6 2. e4 c5 3. Bc4 Bg7 4. O-O Nc6 5. Re1 Nf6 6. e5 Ng4 7. Bxf7+ Kxf7 8. Ng5+ Kg8 9. Qxg4 Nxe5 10. Qf4 Qf8 11. d4 Qxf4 12. Bxf4 Nc6 13. Nc3 cxd4 14. Nd5 e5 15. Bg3 d6 16. c3 Bf5 17. cxd4 Nxd4 18. Rac1 h6 19. Ne4 Bxe4 20. Rxe4 Kh7 21. Rc7 Rhc8 22. f4 Rxc7 23. Nxc7 Rc8 24. fxe5 dxe5 25. Nd5 Rc1+ 26. Re1 Ne2+ 27. Kf2 Rxe1 28. Kxe1 Nxg3 29. hxg3 e4 30. b3 Bd4 31. Ke2 Kg7 32. g4 Kf7 33. a3 Ke6 34. Nf4+ Kf6 35. a4 g5 36. Nh5+ Ke5 37. Ng3 Bc5 38. Nf5 h5 39. g3 a5 40. Ke1 hxg4 41. Nh6 Kd4 42. Nxg4 Bd6 43. Ke2 Bxg3 44. Ne3 Bc7 0-1

[Event "12th Chennai Open 2020"]
[Site "Chennai"]
[Date "2020.01.19"]
[Round "3.16"]
[White "Neverov, Valeriy"]
[Black "Kiran, Manisha Mohanty"]
[Result "1-0"]
[ECO "A39"]
[WhiteElo "2460"]
[BlackElo "2133"]
[Annotator "ChessBase"]
[PlyCount "108"]
[EventDate "2020.01.19"]
[EventType "swiss"]
[EventCountry "IND"]
[SourceTitle "playchess.com"]
[Source "ChessBase"]
[SourceQuality "1"]
[TimeControl "5400+30"]

1. c4 c5 2. g3 g6 3. Bg2 Bg7 4. Nc3 Nc6 5. Nf3 Nf6 6. O-O O-O 7. d4 cxd4 8. Nxd4 Qa5 9. e3 d6 10. h3 Bd7 11. Nde2 Qh5 12. Nf4 Qxd1 13. Rxd1 Rac8 14. Bd2 Rfe8 15. b3 b6 16. Rac1 Ne5 17. Be1 Bc6 18. Bxc6 Rxc6 19. Kg2 Nfd7 20. Nfd5 Rcc8 21. Nb5 Nc6 22. f3 Kf8 23. Bf2 Red8 24. e4 Nc5 25. Be3 h6 26. Rd2 g5 27. Kf2 Rd7 28. Ke2 e6 29. Ndc3 Be5 30. f4 gxf4 31. gxf4 Bxc3 32. Nxc3 f5 33. exf5 exf5 34. Rcd1 Re8 35. Rxd6 Rxd6 36. Rxd6 Re6 37. Rxe6 Nxe6 38. Nd5 Kf7 39. Kd3 Kg6 40. b4 Kh5 41. b5 Ncd8 42. Ne7 Ng7 43. c5 bxc5 44. Bxc5 Kh4 45. Bxa7 Kxh3 46. Bd4 Nge6 47. Nxf5 h5 48. Ke4 Kg4 49. Ne3+ Kg3 50. Be5 Nc5+ 51. Kd5 Nd7 52. Bc7 Kf3 53. Bxd8 Kxe3 54. Kd6 Kd4 {[%emt 0:30:42] Ke5+ Kd5 Ke4+ Nb8+} 1-0

[Event "12th Chennai Open 2020"]
[Site "Chennai"]
[Date "2020.01.19"]
[Round "3.17"]
[White "Lugovskoy, Maxim"]
[Black "Bakshi, Rutuja"]
[Result "1/2-1/2"]
[ECO "C15"]
[WhiteElo "2453"]
[BlackElo "2118"]
[Annotator "ChessBase"]
[PlyCount "60"]
[EventDate "2020.01.19"]
[EventType "swiss"]
[EventCountry "IND"]
[SourceTitle "playchess.com"]
[Source "ChessBase"]
[SourceQuality "1"]
[TimeControl "5400+30"]

1. e4 e6 2. d4 d5 3. Nc3 Bb4 4. a3 Bxc3+ 5. bxc3 dxe4 6. Qg4 Nf6 7. Qxg7 Rg8 8. Qh6 Nbd7 9. Ne2 b6 10. g3 Bb7 11. Bg2 Qe7 12. O-O O-O-O 13. a4 a5 14. Ba3 Qe8 15. Rfe1 Rg6 16. Qe3 e5 17. Rad1 Ng4 18. Qc1 Rf6 19. Rf1 exd4 20. Nxd4 e3 21. Bxb7+ Kxb7 22. fxe3 Qe4 23. Qd2 c5 24. Nb5 Nde5 25. Qxd8 Qxe3+ 26. Kh1 Qe4+ 27. Kg1 Qe3+ 28. Kh1 Qe4+ 29. Kg1 Qe3+ 30. Kh1 Qe4+ 1/2-1/2

[Event "12th Chennai Open 2020"]
[Site "Chennai"]
[Date "2020.01.19"]
[Round "3.18"]
[White "Lakshmi Narayanan M V"]
[Black "Mitrabha, Guha"]
[Result "1-0"]
[ECO "B15"]
[WhiteElo "2162"]
[BlackElo "2448"]
[Annotator "NA"]
[PlyCount "81"]
[EventDate "2020.01.19"]
[EventType "swiss"]
[EventCountry "IND"]
[SourceTitle "playchess.com"]
[Source "ChessBase"]
[SourceQuality "1"]
[TimeControl "5400+30"]

1. e4 c6 2. d4 d5 3. Nd2 dxe4 4. Nxe4 Nf6 5. Nxf6+ exf6 6. c3 Bd6 7. Bd3 O-O 8. Ne2 Re8 9. Qc2 h5 10. Be3 Nd7 11. O-O-O Nf8 12. Kb1 Be6 13. c4 Rc8 14. Nc3 Bb4 $11 15. Ne4 Qa5 16. b3 Rcd8 17. h3 h4 18. g4 b5 19. c5 Bd5 20. Rhg1 Ne6 21. g5 fxg5 22. Nxg5 Qc7 23. Nxe6 Rxe6 24. Qe2 g6 25. Qg4 Qd7 26. Qxh4 Rde8 27. Bg5 Bf3 28. Bf6 Rxf6 29. Qxf6 Bh5 30. d5 cxd5 31. Qh4 Bxd1 32. Bxg6 Bg4 33. Rxg4 Kf8 34. Rxb4 fxg6 35. Qf6+ Qf7 36. Qxf7+ Kxf7 37. Rxb5 Re1+ 38. Kc2 Re2+ 39. Kd3 Rxa2 40. c6 Ke6 41. Rc5 1-0

[Event "12th Chennai Open 2020"]
[Site "Chennai"]
[Date "2020.01.19"]
[Round "3.19"]
[White "Priyanka, Kumari"]
[Black "Hesham, Abdelrahman"]
[Result "1-0"]
[ECO "C76"]
[WhiteElo "1874"]
[BlackElo "2429"]
[Annotator "NA"]
[PlyCount "71"]
[EventDate "2020.01.19"]
[EventType "swiss"]
[EventCountry "IND"]
[SourceTitle "playchess.com"]
[Source "ChessBase"]
[SourceQuality "1"]
[TimeControl "5400+30"]

1. e4 e5 2. Nf3 Nc6 3. Bb5 a6 4. Ba4 g6 5. c3 d6 6. d4 Bd7 7. O-O Bg7 8. Bg5 Nf6 9. dxe5 dxe5 10. Nbd2 h6 11. Be3 Qe7 12. b4 Ng4 $14 13. Bc5 Qf6 14. h3 h5 15. Re1 b6 16. Be3 Nxe3 17. Rxe3 b5 18. Bb3 g5 19. Nh2 g4 20. hxg4 hxg4 21. Nxg4 Qh4 22. Rh3 Qxg4 23. Qxg4 Bxg4 24. Rg3 Bh6 25. Rxg4 Bxd2 26. Bd5 Kd7 27. Rd1 Bh6 28. Bxf7+ Ke7 29. Rg6 Nd8 30. Bd5 Ra7 31. Rd3 Bf8 32. Rg5 c6 33. Rxe5+ Kd6 34. Re8 Kc7 35. Bb3 Bg7 36. Re7+ 1-0

[Event "12th Chennai Open 2020"]
[Site "Chennai"]
[Date "2020.01.20"]
[Round "4.7"]
[White "Vishnu Prasanna. V"]
[Black "Lakshmi Narayanan M V"]
[Result "*"]
[ECO "E07"]
[WhiteElo "2474"]
[BlackElo "2162"]
[Annotator "ChessBase"]
[PlyCount "51"]
[EventDate "2020.01.19"]
[EventType "swiss"]
[EventCountry "IND"]
[SourceTitle "playchess.com"]
[Source "ChessBase"]
[SourceQuality "1"]
[TimeControl "5400+30"]

1. d4 d5 2. Nf3 Nf6 3. c4 e6 4. g3 c6 5. Bg2 Nbd7 6. O-O Be7 7. b3 O-O 8. Bb2 b6 9. Nc3 Ba6 10. Nd2 b5 11. cxb5 cxb5 12. a3 Qb6 13. b4 Bb7 14. Nb3 Rfc8 15. Qd3 a6 16. Rac1 Qa7 17. Rc2 Nb6 18. Rb1 Nc4 19. Bc1 Bc6 20. e3 Rc7 21. Qd1 Rac8 22. Nc5 Nd7 23. Rb3 Rd8 24. Qh5 Nf6 25. Qe2 Qa8 26. Qd1 *

[Event "12th Chennai Open 2020"]
[Site "Chennai"]
[Date "2020.01.20"]
[Round "4.10"]
[White "Deshmukh, Anup"]
[Black "Das, Sayantan"]
[Result "0-1"]
[ECO "E91"]
[WhiteElo "2163"]
[BlackElo "2424"]
[Annotator "ChessBase"]
[PlyCount "52"]
[EventDate "2020.01.19"]
[EventType "swiss"]
[EventCountry "IND"]
[SourceTitle "playchess.com"]
[Source "ChessBase"]
[SourceQuality "1"]
[TimeControl "5400+30"]

1. c4 Nf6 2. Nc3 g6 3. d4 Bg7 4. Nf3 O-O 5. e4 d6 6. Be2 Bg4 7. Be3 Nfd7 8. O-O c5 9. d5 Na6 10. Qd2 Nc7 11. Bg5 a6 12. a4 Rb8 13. Rfe1 Bxf3 14. Bxf3 b5 15. axb5 axb5 16. Ra7 bxc4 17. Bxe7 Qxe7 18. Rxc7 Qd8 19. Ra7 Bd4 20. Nd1 Ne5 21. Be2 Qh4 22. Ra3 Rxb2 23. Nxb2 Qxf2+ 24. Kh1 Bxb2 25. Rf1 Qd4 26. Qxd4 cxd4 0-1

[Event "12th Chennai Open 2020"]
[Site "Chennai"]
[Date "2020.01.20"]
[Round "4.11"]
[White "Khusenkhojaev, Muhammad"]
[Black "Ramakrishna, J.."]
[Result "1-0"]
[ECO "D93"]
[WhiteElo "2420"]
[BlackElo "2068"]
[Annotator "ChessBase"]
[PlyCount "74"]
[EventDate "2020.01.19"]
[EventType "swiss"]
[EventCountry "IND"]
[SourceTitle "playchess.com"]
[Source "ChessBase"]
[SourceQuality "1"]
[TimeControl "5400+30"]

1. Nf3 Nf6 2. c4 c6 3. d4 d5 4. Qc2 g6 5. Bf4 Bg7 6. e3 O-O 7. Nc3 Na6 8. Be2 Nb4 9. Qb3 a5 10. O-O dxc4 11. Bxc4 b5 12. Be2 Be6 13. Qd1 Nbd5 14. Nxd5 Bxd5 15. h3 Qb6 16. Qc2 Be4 17. Qc1 Rac8 18. Nd2 c5 19. Nxe4 Nxe4 20. d5 c4 21. Qc2 Nd6 22. Rac1 c3 23. bxc3 Rxc3 24. Qb1 b4 25. Rxc3 Bxc3 26. Qd3 Rc8 27. e4 Bd4 28. e5 Nf5 29. Bg4 Rc3 30. Qe4 Ng3 31. Bxg3 Rxg3 32. d6 exd6 33. e6 fxe6 34. Qxe6+ Kf8 35. Qc8+ Kg7 36. Qd7+ Kh6 37. Qe7 Rc3 1-0